Map: Celestial Enclave LE

Players

Jamin

  • Race: Terran Terran
  • League: Silver
  • Spawn Location: 1:00

VOD

Have the link to the VOD?

Description

Time

  • Played on: Dec. 2, 2025, noon
  • Length: 18:33
Show
View Real Time Build Order
Export as new Build Order

Jamin Terran 

Build Orders:  

Get SALT Encoding   

  12  0:01  SCV  
  13  0:18  SCV  
  14  0:24  Supply Depot  
  14  0:35  SCV  
  15  0:45  Refinery  
  15  0:57  Barracks  
  15  1:03  SCV  
  16  1:20  SCV  
  17  1:37  SCV  
  18  1:54  SCV  
  19  2:10  Command Center  
  19  2:21  Orbital Command  
  20  2:33  Reaper  
  20  2:40  Supply Depot  
  20  2:54  Factory  
  20  3:00  SCV  
  21  3:14  Refinery  
  21  3:25  SCV  
  21  3:27  Marine  
  23  3:42  SCV, Supply Depot  
  23  3:55  Orbital Command  
  23  3:59  SCV  
  24  4:05  Factory Reactor  
  24  4:12  Marine, Starport  
  25  4:22  SCV  
  26  4:33  SCV  
  26  4:37  Marine  
  26  4:39  SCV  
  29  4:50  SCV  
  29  4:55  Supply Depot  
  29  4:56  SCV  
  31  5:02  Marine  
  32  5:10  Barracks, SCV  
  32  5:13  SCV  
  35  5:31  SCV x2  
  35  5:33  Barracks Reactor  
  36  5:40  Barracks  
  36  5:45  Medivac  
  36  5:46  Medivac  
  36  5:48  SCV x2  
  42  5:56  Supply Depot  
  42  6:04  SCV  
  42  6:05  SCV  
  44  6:14  Refinery  
  44  6:17  Refinery  
  44  6:24  Barracks Tech Lab  
  44  6:26  SCV x2  
  44  6:27  Barracks  
  46  6:43  SCV x2  
  46  6:45  Marine x2  
  50  6:55  Stimpack, Supply Depot  
  50  7:00  SCV x2  
  52  7:20  SCV x2  
  52  7:21  Marine  
  52  7:22  Marine x2  
  52  7:26  Medivac x2  
  61  7:36  Supply Depot  
  61  7:37  SCV x2  
  63  7:46  Marine  
  58  7:50  Barracks Reactor  
  43  8:13  Marine x2  
  43  8:14  Marine  
  38  8:32  Barracks Reactor  
  38  8:34  Barracks  
  38  8:35  Barracks  
  35  8:43  Marine x3  
  35  8:44  Marine x2  
  40  9:08  Marine x3  
  40  9:09  Marine  
  38  9:23  Marine x2  
  38  9:26  Medivac x2  
  38  9:28  SCV  
  45  9:43  Marine x2  
  45  9:44  Barracks Reactor  
  45  9:45  SCV  
  48  9:54  Barracks Reactor  
  48  9:58  Command Center  
  48  10:02  SCV  
  48  10:07  Marine  
  48  10:08  Marine x3  
  48  10:09  Marine  
  54  10:19  SCV  
  55  10:36  SCV  
  55  10:37  Supply Depot  
  56  10:41  Marine x3  
  59  10:55  Marine x3  
  62  11:10  Marine x3  
  62  11:14  SCV  
  42  11:46  SCV  
  42  11:49  Orbital Command  
  43  11:51  Marine x4  
  43  11:52  Marine  
  43  11:53  Marine  
  49  12:05  SCV  
  50  12:14  Marine x3  
  50  12:15  Marine  
  50  12:16  Marine  
  50  12:18  Unknown  
  55  12:21  Marine  
  55  12:29  Medivac x2  
  60  12:31  SCV  
  61  12:53  SCV  
  61  12:54  SCV  
  63  13:07  Marine x2  
  63  13:08  Marine x5  
  63  13:09  Marine x3  
  73  13:10  Marine  
  52  13:40  Marine  
  52  13:41  Marine x5  
  52  13:42  Marine x3  
  52  13:43  Marine  
  52  13:47  Command Center  
  52  13:51  Marine  
  52  14:03  SCV x2  
  54  14:41  SCV x2  
  54  14:45  Marine x4  
  54  14:46  Marine x3  
  54  14:47  Marine x3  
  66  14:55  Medivac x2  
  66  14:58  SCV x2  
  72  15:11  Marine x3  
  72  15:12  Marine x3  
  72  15:13  Marine x3  
  72  15:14  Marine  
  82  15:22  SCV x2  
  84  15:33  Supply Depot  
  87  16:06  Marine x4  
  87  16:07  Marine x5  
  87  16:08  Marine x2  
  98  16:11  Medivac x2  
  98  16:13  SCV  
  54  16:59  Orbital Command  
  54  17:10  Marine  
  54  17:11  Marine x5  
  54  17:12  Marine x4  
  54  17:13  Marine  
  54  17:16  Medivac  
  54  17:17  Medivac  
  54  17:18  SCV x2  
  71  17:32  Supply Depot  
  71  17:45  SCV x3  
  74  17:51  Marine x3  
  74  17:52  Marine x4  
  74  17:53  Marine x4  
Tags
 
Add a new tag
Caveats
  • Supply blocks, unpowered buildings, or Contaminate may cause inaccurate times.
  • Supply counts are checked every 10 seconds.